 Dungeon Crawl Stone Soup version 0.27-a0-1200-g94dc6ad (webtiles) character file.

Game seed: 11679261876679084429

312 Meow the Magician (level 6, 43/49 HPs)
             Began as a Naga Venom Mage on June 1, 2021.
             Quit the game on level 4 of the Dungeon.
             The game lasted 00:09:50 (2714 turns).

Meow the Magician (Naga Venom Mage)                 Turns: 2714, Time: 00:09:50

Health: 43/49      AC:  4    Str: 10    XL:     6   Next: 42%
Magic:  12/12      EV:  9    Int: 18    God:
Gold:   114        SH:  0    Dex: 11    Spells: 6/13 levels left

rFire    + . .     SeeInvis +   a - +2 short sword (venom)
rCold    . . .     Faith    .   (no shield)
rNeg     . . .     Spirit   .   d - +0 robe
rPois    +         Reflect  .   b - +0 helmet
rElec    .         Harm     .   (no cloak)
rCorr    .         Rampage  .   (no gloves)
Will     .....                  (no barding)
Stlth    ++........             (no amulet)
HPRegen  0.16/turn              c - ring of protection from fire
MPRegen  0.13/turn              (no ring)

@: very slow
A: AC +2, large, see invisible, deformed body, poison resistance, slowness 2,
spit poison 1, naga tail 1
a: Spit Poison


You were on level 4 of the Dungeon.
You visited 1 branch of the dungeon, and saw 4 of its levels.

You collected 114 gold pieces.

Inventory:

Hand Weapons
 a - a +2 short sword of venom (weapon)
 r - a +0 hunting sling
Missiles
 e - 56 stones
 f - 30 bolts
 j - 4 boomerangs
 l - 11 sling bullets
 o - 61 arrows
 p - 6 javelins (quivered)
Armour
 b - a +0 helmet (worn)
 d - a +0 robe (worn)
Jewellery
 c - a ring of protection from fire (left hand)
Scrolls
 g - a scroll of blinking {unknown}
 h - a scroll of immolation
 i - a scroll of magic mapping
 q - a scroll of teleportation {unknown}


   Skills:
 - Level 1.5 Dodging
 - Level 3.0 Stealth
 + Level 4.4 Spellcasting
 + Level 4.2 Conjurations
 - Level 1.0 Transmutations
 - Level 4.0 Poison Magic


You had 6 spell levels left.
You knew the following spells:

 Your Spells              Type           Power      Damage    Failure   Level
a - Sting                 Tmut/Pois      52%        1d5       4%          1
c - Mephitic Cloud        Conj/Pois/Air  13%        N/A       14%         3
C - Ignite Poison         Fire/Tmut/Pois 10%        N/A       22%         3

Your spell library contained the following spells:

 Spells                   Type           Power      Damage    Failure   Level
 Poisonous Vapours        Pois/Air       22%        N/A       10%         2
 Olgreb's Toxic Radiance  Pois           18%        N/A       26%         4


Dungeon Overview and Level Annotations

Branches:
Dungeon (4/15)
 Temple: D:4-7

Altars:

Annotations:
D:3 Grinder


Innate Abilities, Weirdness & Mutations

Your serpentine skin is tough. (AC +2)
You have supernaturally acute eyesight. (SInv)
Armour fits poorly on your strangely shaped body.
Your system is resistant to poisons. (rPois)
You cover ground very slowly.
You can spit poison.
You have a snake-like lower body.


Message History

Aim: a howler monkey skeleton (dormant)
The splash of poison hits the howler monkey skeleton.
The howler monkey skeleton completely resists.
Unknown command.
The howler monkey skeleton closely misses you.
You puncture the howler monkey skeleton!
The howler monkey skeleton is heavily damaged.
The howler monkey skeleton misses you.
You hit the howler monkey skeleton.
The howler monkey skeleton is severely damaged.
You have got your breath back.
The howler monkey skeleton hits you but does no damage.
You hit the howler monkey skeleton.
The howler monkey skeleton is severely damaged.
The howler monkey skeleton hits you.
You hit the howler monkey skeleton.
The howler monkey skeleton is almost destroyed.
The howler monkey skeleton hits you.
The howler monkey skeleton closely misses you.
You hit the howler monkey skeleton.
You destroy the howler monkey skeleton!
You miss the adder. The adder bites you but does no damage.
The adder barely misses you.
You closely miss the adder. The adder bites you.
You closely miss the adder. The adder bites you.
You hit the adder.
The adder is poisoned.
The adder is heavily wounded.
The adder closely misses you. x2
You barely miss the adder.
The adder is heavily wounded.
The adder closely misses you.
You closely miss the adder.
The adder is heavily wounded.
The adder closely misses you. The adder bites you.
You hit the adder.
The adder looks as sick as possible!
The adder is severely wounded.
The adder bites you but does no damage.
You hit the adder.
You kill the adder!
Are you sure you want to abandon this character and quit the game? (Confirm with "yes".)

## #.....^.#
#####.#.###.#
.........#
###.###..# ..#.#
#..# #.#.# #..# ##
#.#.# #..## .. #.#.#
#..##.######.#
....###.........@..#
.....)...##.##.....#
..######.##.##.###.#
..# #.##.##.# ...
.## #.##.##.# ###
.##### #.##.##.#
..)..###.##.##.#
.###........##.# .#
#####.#####.#


There were no monsters in sight!

Vanquished Creatures
  A water moccasin skeleton (D:4)
  2 orc priests (D:4)
  2 orc wizards (D:4)
  3 gnolls (D:2)
  A howler monkey skeleton (D:4)
  6 adders
  2 worms (D:2)
  A dart slug (D:1)
  5 orcs (D:4)
  3 endoplasms
  8 goblins
  2 hobgoblins
  2 jackals (D:2)
  4 quokkas
  A ball python (D:1)
  4 bats (D:1)
  7 kobolds
  A rat (D:1)
55 creatures vanquished.

Notes
Turn   | Place    | Note
-------+----------+-------------------------------------------
     0 | D:1      | Meow the Naga Venom Mage began the quest for the Orb.
     0 | D:1      | Reached XP level 1. HP: 15/15 MP: 3/3
   184 | D:1      | Reached skill level 1 in Conjurations
   184 | D:1      | Reached XP level 2. HP: 22/22 MP: 5/5
   734 | D:1      | Reached XP level 3. HP: 28/28 MP: 6/6
   738 | D:1      | Learned a level 3 spell: Mephitic Cloud
   742 | D:1      | Learned a level 3 spell: Ignite Poison
   792 | D:1      | Found a faded altar of an unknown god.
  1369 | D:3      | Noticed Grinder
  1470 | D:2      | Reached XP level 4. HP: 36/36 MP: 4/8
  1955 | D:3      | Reached XP level 5. HP: 34/42 MP: 6/10
  2483 | D:4      | Reached XP level 6. HP: 44/49 MP: 5/12
  2714 | D:4      | Quit the game

Illustrated notes

Levels and vault maps discovered:
D:1:      sevenhm_arrival_forest_fort_small_5, layout_loops_ring,
          shapermc_ecumenical_altar_flowoftime, minmay_misc_feat_chi
D:2:      layout_rooms
D:3:      layout_loops_corners, uniq_jessica, uniq_grinder
D:4:      layout_loops_ring

Skill      XL: |  1  2  3  4  5 |
---------------+----------------+-----
Conjurations   | 1 2 3 4 |  4.2
Spellcasting   | 3 4 |  4.4
Dodging        | |  1.5
Stealth        | |  3.0
Transmutations | |  1.0
Poison Magic   | |  4.0

Action                   |  1- 3 |  4- 6 || total
-------------------------+-------+-------++-------
Melee: Short sword       |       |    28 ||    28
 Fire: Hunting sling     |    21 |    11 ||    32
Throw: Javelin           |       |     3 ||     3
 Cast: Sting             |    21 |    28 ||    49
       Mephitic Cloud    |       |     3 ||     3
       Ignite Poison     |       |     2 ||     2
 Abil: Spit Poison       |    25 |    23 ||    48
  Use: Scroll            |       |     4 ||     4
       Potion            |       |     2 ||     2
 Stab: Confused          |       |     1 ||     1
Armor: Robe              |     1 |     9 ||    10
Dodge: Dodged            |     1 |    31 ||    32

Table legend: (Time is in decaauts)
 A = Elapsed time spent in this place.
 B = Non-inter-level travel time spent in this place.
 C = Inter-level travel time spent in this place.
 D = Time resting spent in this place.
 E = Time spent auto-exploring this place.
 F = Levels seen in this place.
 G = Mean time per level.
                   A        B        C        D        E       F      G
               +--------+--------+--------+--------+--------+-----+--------+
         Total |   3305 |   3144 |    161 |    979 |   1424 |   4 |  826.2 |
       Dungeon |   3305 |   3144 |    161 |    979 |   1424 |   4 |  826.2 |
               +--------+--------+--------+--------+--------+-----+--------+

Top non-repeatable levels by time:
     D:1: 1356 daAuts
     D:2: 949 daAuts
     D:4: 526 daAuts
     D:3: 472 daAuts
